[Event "RUDAR VI-GM 2024"]
[Site "Pozarevac"]
[Date "2024.02.12"]
[Round "1.1"]
[White "Apaar Saxena"]
[Black "Krishna Teja, N."]
[Result "0-1"]
[ECO "E05"]
[WhiteElo "2150"]
[BlackElo "2349"]
[Annotator "TA"]
[PlyCount "94"]
[EventDate "2024.02.12"]
[EventType "tourn"]
[EventCountry "SRB"]
[SourceTitle "playchess.com"]
[Source "ChessBase"]
[SourceQuality "1"]
[TimeControl "5400+30"]

1. d4 Nf6 2. c4 e6 3. Nf3 d5 4. g3 Be7 5. Bg2 O-O 6. O-O dxc4 7. Qc2 b5 8. a4 b4 9. Nfd2 (9. Qxc4 Ba6 10. Qc2 Nbd7) 9... Nd5 10. Nxc4 {[%emt 0:00:13] White is slightly better.} ({Of course not} 10. Qxc4 Ba6 11. Qc2 c5 (11... Bxe2 12. Re1 $17) 12. dxc5 Nd7 $17) 10... c5 11. dxc5 Bxc5 12. Rd1 Nd7 13. a5 ({Much weaker is} 13. Bxd5 exd5 14. Be3 Bb7 (14... dxc4 15. Bxc5 Nxc5 16. Rxd8 $16) 15. Bxc5 Nxc5 $17) (13. e4 $11 N5b6 14. Ne5) 13... Ba6 $15 14. e4 {[%emt 0:05:02] [#]} (14. e3 $1 $15) 14... Rc8 $1 {[%emt 0:00:35] ...N5f6 is the strong threat.} 15. b3 N5f6 {[%emt 0:03:59] Threatens to win with ...Ng4.} 16. Bb2 (16. Qe2 $17) 16... Ng4 $19 17. Rf1 {[%emt 0:01:54] [#]} Nde5 $1 18. Bxe5 Bxc4 19. bxc4 Nxe5 20. Nd2 {[%emt 0:00:19] White is weak on the dark squares} Qd3 {[%emt 0:06:16] Against Nb3} (20... Bd4 $19 21. Rac1 h5 (21... Qxa5 $2 22. Nb3 $19)) 21. Qxd3 $17 Nxd3 22. Nb3 Bxf2+ 23. Rxf2 Nxf2 24. Kxf2 {[%emt 0:00:11] c5 would now be deadly.} Rc6 (24... Rxc4 $17 {and life is bright. aiming for ...Rc2+.} 25. Rb1 Rfc8 (25... Rc2+ $2 26. Kg1 $19)) 25. c5 $18 Rxc5 $2 (25... f6 26. Rd1 Rfc8) 26. Ra2 $4 (26. Nxc5 $18 {was the only winning move.} g5 27. Nb3) 26... Rc4 (26... Rc3 $19 27. Rb2 Rfc8) 27. Rd2 (27. Nd2 $17 Rc3 28. Rb2) 27... Rfc8 {[%emt 0:00:00] Strongly threatening ...Rc3.} 28. Ke1 (28. Bf3 $17 {is a better defense.}) 28... Rc2 29. Bf1 Kf8 30. Rxc2 (30. Kd1 $17 Rxd2+ 31. Kxd2) 30... Rxc2 $19 31. Nd2 Ke7 32. Bc4 (32. Bd3 $142 Rc3 33. Ke2) 32... Kd6 33. Kd1 Rc3 34. Ke2 Kc5 35. Bd3 b3 36. Bb1 e5 37. Bd3 f6 38. a6 Kb4 39. Nb1 {[%emt 0:00:09] [#]} Rc2+ 40. Ke3 Rxh2 41. g4 b2 42. Nd2 Rh3+ 43. Ke2 Rg3 44. Nb1 Rxg4 45. Kd2 Rg2+ {[%emt 0:00:00] Black mates.} 46. Be2 Kb3 47. Nc3 {[%emt 0:00:16] [#]} Rxe2+ $1 {[%emt 0:00:00] Weighted Error Value: White=0.97/Black=0.25 (precise) .  Loses game:     	---       	Black=1      Missed win:     	White=1     	---        Mistake:       	White=6     	Black=3      Inaccurate:     	White=3     	Black=2      OK:         	White=9     	Black=10     Best:        	White=2     	Black=1} 0-1

[Event "RUDAR VI-GM 2024"]
[Site "Pozarevac"]
[Date "2024.02.12"]
[Round "1.2"]
[White "Zemlyanskii, Ivan"]
[Black "Ahmadzada, Ahmad"]
[Result "1-0"]
[ECO "D30"]
[WhiteElo "2492"]
[BlackElo "2501"]
[Annotator "RC"]
[PlyCount "135"]
[EventDate "2024.02.12"]
[EventType "tourn"]
[EventCountry "SRB"]
[SourceTitle "playchess.com"]
[Source "ChessBase"]
[SourceQuality "1"]
[TimeControl "5400+30"]

1. d4 Nf6 2. c4 e6 3. Nf3 c5 4. e3 d5 5. cxd5 exd5 6. Bb5+ Bd7 7. Bxd7+ Nbxd7 8. dxc5 Bxc5 9. O-O O-O 10. Nc3 Nb6 11. b3 Qe7 12. a3 Rac8 13. Nb5 Nbd7 14. Bb2 a6 15. Nbd4 Rfd8 16. Qe2 Qe8 17. Rfd1 Bf8 18. Nc2 Qe6 19. Nce1 Nc5 20. Rab1 Nfe4 21. Ba1 Be7 22. Nd3 Nxd3 23. Rxd3 Bf6 24. Nd4 Qb6 25. Nf5 g6 26. Nd4 Rc7 27. b4 Rdc8 28. Rbd1 h5 29. Qf3 Bg7 30. h3 Rc4 31. Ne2 Bxa1 32. Rxa1 Qf6 33. Rad1 Qxf3 34. gxf3 Nf6 35. Nf4 Rc3 36. Kg2 Rxd3 37. Rxd3 b5 38. Nxd5 Nxd5 39. Rxd5 Rc3 40. a4 bxa4 41. Ra5 a3 42. Rxa6 Rb3 43. f4 Rxb4 44. Rxa3 Rb5 45. Kg3 Kg7 46. e4 Kf6 47. Ra6+ Ke7 48. Ra3 Kf6 49. Rc3 Ra5 50. Rd3 Ke6 51. Kh4 Ra2 52. Kg3 Ra5 53. Rb3 Kf6 54. Rb6+ Ke7 55. Rb8 Rc5 56. Rh8 Kf6 57. Re8 Rb5 58. h4 Rc5 59. f3 Rc4 60. Re5 Rc1 61. Rg5 Rh1 62. Rb5 Rg1+ 63. Kh2 Rc1 64. Kg2 Rd1 65. Rc5 Rb1 66. f5 Ra1 67. Rc6+ Kg7 68. f6+ 1-0

[Event "RUDAR VI-GM 2024"]
[Site "Pozarevac"]
[Date "2024.02.12"]
[Round "1.3"]
[White "Grover, Sahaj"]
[Black "Garifullina, Leya"]
[Result "1-0"]
[ECO "C86"]
[WhiteElo "2503"]
[BlackElo "2422"]
[Annotator "RC"]
[PlyCount "85"]
[EventDate "2024.02.12"]
[EventType "tourn"]
[EventCountry "SRB"]
[SourceTitle "playchess.com"]
[Source "ChessBase"]
[SourceQuality "1"]
[TimeControl "5400+30"]

1. e4 e5 2. Nf3 Nc6 3. Bb5 a6 4. Ba4 Nf6 5. Qe2 Be7 6. O-O b5 7. Bb3 d6 8. c3 O-O 9. Rd1 Na5 10. Bc2 c5 11. d4 cxd4 12. cxd4 Qc7 13. Nc3 Bg4 14. a3 exd4 15. Rxd4 Nc6 16. Rd1 Ne5 17. Bf4 Nxf3+ 18. gxf3 Be6 19. Rac1 Qb6 20. Be3 Qb7 21. f4 Rae8 22. f3 Nh5 23. f5 Bc4 24. Qf2 Bf6 25. Rxd6 Be5 26. Rd2 Qb8 27. Qh4 g6 28. Rcd1 Rc8 29. Rd7 b4 30. Ba7 Qa8 31. axb4 Bb5 32. Bd4 Bxd7 33. Bxe5 Rfe8 34. Bd4 Qb7 35. Nd5 Rc4 36. Nf6+ Nxf6 37. Qxf6 Rxd4 38. Rxd4 Bb5 39. fxg6 hxg6 40. Bb3 Qc7 41. Qxg6+ Kh8 42. Qh6+ Kg8 43. e5 1-0

[Event "RUDAR VI-GM 2024"]
[Site "Pozarevac"]
[Date "2024.02.12"]
[Round "1.4"]
[White "Sutormin, Danila"]
[Black "Kotronias, Vasilios"]
[Result "0-1"]
[ECO "E94"]
[WhiteElo "2353"]
[BlackElo "2453"]
[Annotator "RC"]
[PlyCount "114"]
[EventDate "2024.02.12"]
[EventType "tourn"]
[EventCountry "SRB"]
[SourceTitle "playchess.com"]
[Source "ChessBase"]
[SourceQuality "1"]
[TimeControl "5400+30"]

1. d4 Nf6 2. c4 g6 3. Nc3 Bg7 4. e4 d6 5. Nf3 O-O 6. Be2 e5 7. O-O Bg4 8. d5 a5 9. Ne1 Bd7 10. Nd3 Na6 11. a3 a4 12. f3 Qe8 13. Kh1 b6 14. Nb5 Bxb5 15. cxb5 Nc5 16. Nxc5 dxc5 17. d6 c6 18. b4 cxb5 19. d7 Qxd7 20. Qxd7 Nxd7 21. Bxb5 Nb8 22. bxc5 bxc5 23. Rb1 Rc8 24. Bc4 Nc6 25. Rb5 Rab8 26. f4 Rxb5 27. Bxb5 exf4 28. Bxf4 Ne5 29. Rc1 h5 30. g3 Ng4 31. Rc4 Bd4 32. Kg2 g5 33. h3 gxf4 34. hxg4 Rb8 35. Bxa4 Rb1 36. gxh5 Rg1+ 37. Kf3 fxg3 38. Rc2 Ra1 39. Bc6 Rxa3+ 40. Kf4 f6 41. Kg4 Kg7 42. Bd5 Kh6 43. Bf7 Bf2 44. Kh3 Kg5 45. Rb2 Ra1 46. Rb6 Re1 47. Rb8 Kf4 48. e5 Rh1+ 49. Kg2 Rh2+ 50. Kf1 Kxe5 51. Rh8 Be3 52. Re8+ Kf4 53. Bd5 f5 54. Bg2 Rxh5 55. Ke2 Rh2 56. Kf1 Rh6 57. Ke2 Rb6 0-1

[Event "RUDAR VI-GM 2024"]
[Site "Pozarevac"]
[Date "2024.02.12"]
[Round "1.5"]
[White "Velpula Sarayu"]
[Black "Volkov, Dmitriy"]
[Result "1-0"]
[ECO "B33"]
[WhiteElo "2444"]
[BlackElo "2268"]
[Annotator "TA"]
[PlyCount "83"]
[EventDate "2024.02.12"]
[EventType "tourn"]
[EventCountry "SRB"]
[SourceTitle "playchess.com"]
[Source "ChessBase"]
[SourceQuality "1"]
[TimeControl "5400+30"]

1. e4 c5 2. Nf3 Nc6 3. d4 cxd4 4. Nxd4 Nf6 5. Nc3 e5 6. Ndb5 d6 7. Nd5 Nxd5 8. exd5 Nb8 9. c4 a6 10. Qa4 Nd7 {[%emt 0:00:08] [#]} 11. c5 $1 dxc5 12. d6 axb5 {[%emt 0:00:18] White has an edge.} 13. Qxa8 Bxd6 14. Bxb5 O-O 15. O-O Qc7 16. Qa4 Nb6 17. Qc2 Be6 18. Bd2 Qe7 (18... Ra8 $142) 19. Rfe1 $16 Rc8 20. Bc3 Qg5 (20... Qc7 $16 21. Qe2 f6) 21. Qd2 ({White should play} 21. Rad1 $18 Bd5 22. Bf1) 21... Qxd2 22. Bxd2 Bc4 23. Bxc4 Nxc4 24. Bc3 {[%emt 0:00:14] And now Rad1 would win.} f6 25. Rac1 Kf7 26. b3 Nb6 27. Rcd1 Rc6 28. g3 Ke6 29. f4 {[%emt 0:06:47] White is more active.} c4 30. Bd4 (30. fxe5 $16 fxe5 31. bxc4) 30... c3 31. fxe5 fxe5 32. Bxb6 (32. Rc1 $5 Nd5 $8 33. Re2 $14) 32... Rxb6 $11 {[%emt 0:00:04][%mdl 4096] Endgame. KRR-KRB} 33. Kg2 Rc6 {[%emt 0:03:43] [#] aiming for ...c2.} (33... c2 $2 34. Rc1 $18) 34. Re2 Bc5 (34... c2 $2 35. Rc1 $18) 35. Kf3 Bd4 36. Ke4 $1 (36. Rxd4 c2 37. Re1 c1=Q (37... c1=R 38. Rxc1 Rxc1 39. Rb4 $14) 38. Rxc1 Rxc1) 36... Rd6 ({Don't go for} 36... c2 $2 37. Rc1 $18) 37. Kd3 Ra6 38. a4 Kd5 39. Rf1 Rb6 40. Kc2 {[%emt 0:00:34] Threatens to win with Rf7.} e4 $2 (40... Ra6 $1 $14) 41. Rf8 Bf6 (41... e3 {was necessary.} 42. Rf5+ Ke4 43. Rf4+ Kd5) 42. Rc8 {[%emt 0:01:25] Weighted Error Value: White=0.13 (very precise) /Black=0.27 (precise) .  Loses game:     	---       	Black=1      Mistake:       	White=2     	Black=3      Inaccurate:     	White=1     	Black=3      OK:         	White=15    	Black=10     Best:        	White=2     	Black=1      Strong:       	White=1     	---} 1-0

[Event "RUDAR VI-GM 2024"]
[Site "Pozarevac"]
[Date "2024.02.12"]
[Round "2.1"]
[White "Krishna Teja, N."]
[Black "Volkov, Dmitriy"]
[Result "1-0"]
[ECO "E63"]
[WhiteElo "2349"]
[BlackElo "2268"]
[Annotator "TA"]
[PlyCount "83"]
[EventDate "2024.02.12"]
[EventType "tourn"]
[EventCountry "SRB"]
[SourceTitle "playchess.com"]
[Source "ChessBase"]
[SourceQuality "1"]
[TimeControl "5400+30"]

1. d4 Nf6 2. c4 g6 3. g3 Bg7 4. Bg2 O-O 5. Nc3 d6 6. Nf3 Nc6 7. O-O a6 8. b3 Rb8 9. d5 Na5 10. Bg5 c5 11. dxc6 $1 Nxc6 {[%emt 0:00:09] White is slightly better.} 12. Rc1 Bd7 13. Nd5 Nxd5 14. cxd5 Nb4 (14... Ne5 $11) 15. Qd2 $14 a5 16. a3 Na6 17. Qe3 ({White should try} 17. Be3 $14) 17... Re8 $11 18. Rc4 Rc8 19. Rfc1 Rc5 (19... Bb2 $5 20. Rxc8 Bxc8 $17) 20. Rxc5 Nxc5 21. b4 axb4 22. axb4 Na4 23. Nd2 f6 24. Bh6 Qb6 25. Qxb6 Nxb6 26. Bxg7 Kxg7 27. Rc7 Bc8 28. Nb3 Na8 29. Rc1 Bd7 30. Na5 Rc8 31. Ra1 Rc7 32. f4 Nb6 33. Kf2 f5 34. Ke1 Bb5 35. Bf3 Kf6 36. h4 Ba6 {[%emt 0:02:12] [#]} (36... Be8 $11 {keeps the balance.}) 37. b5 $1 $16 Bxb5 {[%emt 0:01:25] [#]} 38. Rb1 $1 Rc5 {[%emt 0:00:49] A mistake that costs the game.} (38... Bxe2 $16 39. Kxe2 Nxd5 40. Bxd5 Rc5 41. Rxb7 (41. Nxb7 Rxd5 42. Rb3 Rd4 $18) (41. Bxb7 Rxa5 42. Rb2 h6 $16) 41... Rxa5) 39. Nxb7 $18 {[%emt 0:00:30] White has a decisive advantage.} Rc7 {[%emt 0:00:23] [#]} 40. Nd8 $1 ({Weaker is} 40. Nxd6 exd6 41. Rxb5 Nd7 $14) 40... Rc5 41. Ne6 Rxd5 42. Nc7 {[%emt 0:01:07] Weighted Error Value: White=0.08 (flawless) /Black=0.24 (precise) .  Loses game:     	---       	Black=1      Mistake:       	White=1     	Black=2      Inaccurate:     	White=4     	Black=3      OK:         	White=8     	Black=17     Best:        	White=2     	---        Strong:       	White=3     	---        Brilliant:      	White=1     	---} ({Don't take} 42. Bxd5 $6 Nxd5 43. Ng5 Bxe2 $16) 1-0

[Event "RUDAR VI-GM 2024"]
[Site "Pozarevac"]
[Date "2024.02.12"]
[Round "2.2"]
[White "Kotronias, Vasilios"]
[Black "Velpula Sarayu"]
[Result "1/2-1/2"]
[ECO "B96"]
[WhiteElo "2453"]
[BlackElo "2444"]
[Annotator "TA"]
[PlyCount "93"]
[EventDate "2024.02.12"]
[EventType "tourn"]
[EventCountry "SRB"]
[SourceTitle "playchess.com"]
[Source "ChessBase"]
[SourceQuality "1"]
[TimeControl "5400+30"]

1. e4 c5 2. Nf3 d6 3. d4 cxd4 4. Nxd4 Nf6 5. Nc3 a6 6. Bg5 e6 7. f4 h6 8. Bh4 Qb6 9. a3 Nc6 (9... Qxb2 $2 10. Na4 $18) 10. Bf2 {[%emt 0:00:40][%cal Od4e6] Threatens to win with Nxe6!} Qc7 (10... Qxb2 $2 11. Na4 $18) 11. Qf3 e5 12. Nxc6 bxc6 13. fxe5 dxe5 14. Bc4 Be7 15. O-O O-O 16. Kh1 a5 17. b3 Ba6 18. Bxa6 Rxa6 19. Qe2 Raa8 20. Na4 Rab8 {[%emt 0:04:31] Inhibits Nb6.} 21. Nb2 Nd7 22. Nc4 Bc5 23. Be1 (23. Bh4 {feels hotter.} Rfe8 24. Qg4 Re6 25. Rad1) 23... Ra8 (23... a4 $1 $14) 24. Rd1 {[%emt 0:03:08] Strongly threatening Bxa5.} a4 {[%emt 0:06:45] [#]} 25. Ba5 $1 Qc8 26. b4 {[%emt 0:07:42] White is much more active.} (26. bxa4 Be7 $16) 26... Be7 27. Rd3 Ra7 (27... Kh8 $16 {was necessary.} 28. Rfd1 Nf6) 28. Rfd1 $2 (28. Ne3 $1 $18) 28... Nf6 $14 29. Nxe5 Qe6 30. Bb6 (30. Nf3 $1 $14) 30... Rb7 $1 $11 31. Bd4 Rd8 {[%emt 0:00:10] [#]} (31... Rb5 $6 32. Nf3 $16) (31... Re8 $11 {keeps the balance.}) 32. Ba1 ({White should play} 32. Nf3 $1 $16) 32... Rxd3 33. cxd3 c5 34. bxc5 Bxc5 35. Nc4 Rb3 36. Rf1 (36. Bxf6 $11 Qxf6 37. e5) 36... Ng4 (36... Bxa3 $15 37. Nd2 Rb8) 37. d4 $1 (37. h3 $2 Nf2+ 38. Rxf2 Bxf2 39. Qxf2 Rb1+ (39... Rxd3 40. Qb2 $17) 40. Kh2 Rxa1 $19) 37... Bxa3 ({Better is} 37... Ba7 $1 $11) 38. Nxa3 {[%emt 0:01:04] [#]} (38. d5 $1 $14 {stays ahead.} Qg6 39. h3) 38... Rxa3 (38... Ne3 $1 $17 39. d5 Qxe4) 39. d5 Qxe4 40. Qb2 {[%emt 0:00:09][%csl Ga1][%cal Rb2g7] Chess con chili.} (40. Qxe4 $2 {is the wrong capture.} Nf2+ 41. Kg1 Nxe4 $17) 40... Rxa1 (40... f6 $1 $11 41. Qxa3 Ne3) 41. Rxa1 {[%emt 0:01:03][%mdl 4096] Endgame. KQR-KQN} (41. Qxa1 $14 Ne3 42. Rf3 Nxd5 43. Qf1) 41... Qf4 $1 {[%emt 0:02:29][%csl Gg4][%cal Rf4h2] The position is equal.} ({But not} 41... Qxd5 42. Qb8+ (42. Rxa4 $2 Qd1#) 42... Kh7 43. Qf4 $14) 42. g3 Qe4+ 43. Qg2 Qd4 44. Qa2 Qe4+ 45. Qg2 Qd4 46. Qa2 Qe4+ 47. Qg2 {[%emt 0:00:04] Weighted Error Value: White=0.23 (precise) /Black=0.17 (very precise) .  Mistake:       	White=6     	Black=7      Inaccurate:     	White=1     	Black=3      OK:         	White=19    	Black=9      Best:        	White=2     	Black=3      Strong:       	White=1     	Black=2} 1/2-1/2

[Event "RUDAR VI-GM 2024"]
[Site "Pozarevac"]
[Date "2024.02.12"]
[Round "2.3"]
[White "Garifullina, Leya"]
[Black "Sutormin, Danila"]
[Result "0-1"]
[ECO "B36"]
[WhiteElo "2422"]
[BlackElo "2353"]
[Annotator "TA"]
[PlyCount "140"]
[EventDate "2024.02.12"]
[EventType "tourn"]
[EventCountry "SRB"]
[SourceTitle "playchess.com"]
[Source "ChessBase"]
[SourceQuality "1"]
[TimeControl "5400+30"]

1. e4 c5 2. Nf3 g6 3. d4 cxd4 4. Nxd4 Nc6 5. c4 Nf6 6. Nc3 d6 7. Be2 Nxd4 8. Qxd4 Bg7 9. Be3 O-O 10. Qd2 a5 {[%emt 0:00:12] is the new trend. B36: Sicilian: Maroczy Bind: Gurgenidze System.} 11. f3 a4 12. Kf2 Be6 13. Rac1 h5 14. Rhd1 Nd7 $146 ({Predecessor:} 14... h4 15. Rc2 h3 16. g4 Qb8 17. Nd5 Bxd5 18. cxd5 e6 19. g5 Nh5 20. f4 e5 {1-0 Schmid,R (2325)-Boehme,M (2114) Bayern-ch 92th 2021 (2)}) 15. Kf1 Qa5 16. Nd5 Bxd5 17. Qxa5 Rxa5 18. cxd5 Nc5 19. Rd2 Rb8 20. g3 Kh7 21. Rdc2 b6 22. Rd1 Ra7 23. Bb5 Ra5 24. Bc6 Bf6 25. h4 Be5 26. Kf2 f5 27. exf5 gxf5 28. Bg5 Rg8 29. Re2 Ra7 30. Kg2 Kg7 31. Rc2 Kf7 32. Bb5 Ra5 33. Be2 Rh8 34. Rb1 Bf6 35. Bd2 Ra7 36. Rc4 Rc8 37. Bd1 Rac7 38. Be3 (38. Bxa4 $2 Nxa4 39. Rxa4 Rc2 $19) 38... Nd3 39. Rxc7 (39. Rxa4 Nxb2 40. Ra3 (40. Bxb6 $2 Rc2+ 41. Bxc2 Rxc2+ 42. Kh3 Nxa4 $19) 40... b5 $17) 39... Rxc7 40. Bxb6 Rb7 41. Be3 f4 (41... Rxb2+ 42. Rxb2 Nxb2 43. Bc2 $16) 42. gxf4 (42. Bxf4 a3 43. Bd2 Rxb2 44. Rxb2 axb2 $16) (42. Bd2 $1 $14) 42... a3 $11 43. Bc2 Nxb2 44. Kh3 Rb5 45. Be4 Kf8 46. Rc1 Na4 47. Rc8+ Kg7 48. Ra8 Rb4 49. Ra7 Rc4 50. f5 Nc3 51. Rxa3 Nxe4 52. fxe4 Rxe4 53. Rd3 (53. Bg5 $11) 53... Rxh4+ $17 54. Kg3 (54. Kg2 $17 {was the only defense.}) 54... Ra4 $19 55. a3 Be5+ 56. Kh3 Kf6 57. Bf2 Kxf5 58. Bh4 Ke4 59. Rb3 Ra7 ({Weaker is} 59... Kxd5 60. Bxe7 Bd4 61. Rb4 Rxa3+ 62. Kh4 $17) 60. Bf2 Rc7 61. a4 Kxd5 62. a5 (62. Rb5+ {was called for.} Ke6 63. Kg2) 62... Rc2 $19 63. Bg1 Ra2 64. Rb5+ (64. Rb4 $142) 64... Kc4 $19 65. Rb7 Ra3+ 66. Kh4 Rxa5 67. Bb6 Bf6+ 68. Kg3 Ra3+ 69. Kf4 Kd5 70. Bg1 Be5+ 0-1

[Event "RUDAR VI-GM 2024"]
[Site "Pozarevac"]
[Date "2024.02.12"]
[Round "2.4"]
[White "Ahmadzada, Ahmad"]
[Black "Grover, Sahaj"]
[Result "1/2-1/2"]
[ECO "B67"]
[WhiteElo "2501"]
[BlackElo "2503"]
[Annotator "RC"]
[PlyCount "42"]
[EventDate "2024.02.12"]
[EventType "tourn"]
[EventCountry "SRB"]
[SourceTitle "playchess.com"]
[Source "ChessBase"]
[SourceQuality "1"]
[TimeControl "5400+30"]

1. e4 c5 2. Nf3 d6 3. d4 cxd4 4. Nxd4 Nf6 5. Nc3 Nc6 6. Bg5 e6 7. Qd2 a6 8. O-O-O Bd7 9. f3 Nxd4 10. Qxd4 Be7 11. h4 Qc7 12. g4 b5 13. Be3 O-O 14. g5 Nh5 15. Bh3 b4 16. Qxb4 Rab8 17. Qd4 Rfc8 18. Bg4 Nf6 19. Bh3 Nh5 20. Bg4 Nf6 21. Bh3 Nh5 1/2-1/2

[Event "RUDAR VI-GM 2024"]
[Site "Pozarevac"]
[Date "2024.02.12"]
[Round "2.5"]
[White "Apaar Saxena"]
[Black "Zemlyanskii, Ivan"]
[Result "0-1"]
[ECO "E04"]
[WhiteElo "2150"]
[BlackElo "2492"]
[Annotator "TA"]
[PlyCount "48"]
[EventDate "2024.02.12"]
[EventType "tourn"]
[EventCountry "SRB"]
[SourceTitle "playchess.com"]
[Source "ChessBase"]
[SourceQuality "1"]
[TimeControl "5400+30"]

1. d4 Nf6 2. c4 e6 3. Nf3 d5 4. g3 dxc4 5. Bg2 a6 6. O-O Nc6 7. a4 Rb8 8. a5 Bb4 9. Ra4 Nd5 (9... Bxa5 $2 {is the wrong capture.} 10. Ne5 Nxe5 11. dxe5 $18) 10. Ne5 (10. e4 $14 Nf6 11. Ne5) 10... Nxe5 $11 {[%emt 0:02:25] Black has an edge.} 11. dxe5 {[%emt 0:00:07] Threatens to win with e4.} c5 12. Nd2 c3 13. Nc4 {[%emt 0:00:51] Prevents Ne3.} (13. Ne4 $1 $11) 13... O-O $17 14. Qb3 (14. Ra1 $15) 14... Bd7 (14... b5 $142 15. axb6 cxb2 16. Bxb2 Nxb6) 15. Ra1 Bb5 16. Rd1 Qc7 (16... Qe7 $17 17. Bf3 Bxc4 18. Qxc4 Rfd8) 17. Bxd5 $11 exd5 18. Rxd5 Qc6 19. e4 Qg6 20. bxc3 $2 (20. Nd6 $11 {and White stays safe.} cxb2 21. Bxb2) 20... Qxe4 $19 21. Ne3 Bc6 $1 $40 {[%emt 0:02:21][%cal Ob4c3][%mdl 128] Black wants a kill.} 22. cxb4 Rbd8 23. bxc5 $2 (23. Qb1 Bxd5 24. Qxe4 Bxe4 25. bxc5) 23... Rxd5 24. Bb2 {[%emt 0:03:03] [#]} Qh1+ $3 {[%emt 0:50:04][%mdl 41472] Weighted Error Value: White=0.91/Black=0.11 (very precise) .  Loses game:     	White=1     	---        Mistake:       	White=4     	Black=2      Inaccurate:     	White=1     	---        OK:         	White=5     	Black=5      Best:        	White=2     	Black=3      Strong:       	---       	Black=1     . Loss on time!?} 0-1

[Event "RUDAR VI-GM 2024"]
[Site "Pozarevac"]
[Date "2024.02.12"]
[Round "3.1"]
[White "Zemlyanskii, Ivan"]
[Black "Krishna Teja, N."]
[Result "1-0"]
[ECO "E05"]
[WhiteElo "2492"]
[BlackElo "2349"]
[Annotator "TA"]
[PlyCount "127"]
[EventDate "2024.02.12"]
[EventType "tourn"]
[EventCountry "SRB"]
[SourceTitle "playchess.com"]
[Source "ChessBase"]
[SourceQuality "1"]
[TimeControl "5400+30"]

1. d4 Nf6 2. c4 e6 3. Nf3 d5 4. g3 Be7 5. Bg2 O-O 6. O-O dxc4 7. Qa4 {[%emt 0:00:05] E05: Open Catalan: 5 Nf3 Be7.} Qd5 8. Nbd2 b5 9. Qc2 Nc6 10. b3 Bb7 $146 ({Predecessor:} 10... cxb3 11. Nxb3 Bb7 12. Bg5 a5 13. e3 a4 14. Nbd2 Nb4 15. Qb1 Rfb8 16. Rc1 Na6 {½-½ Gharamian,T (2655)-Sihite,C (2285) Biel MTO op 46th 2013 (1)}) 11. Bb2 Nb4 12. Qc1 Qd8 13. a3 Na6 14. a4 c3 15. Qxc3 b4 16. Qd3 c5 17. Ne5 Nd5 18. Rac1 cxd4 19. Bxd4 Nb8 20. Rfd1 f6 21. Nec4 Na6 (21... Nc6 $1 $14) 22. Ne3 $18 Nac7 23. Ndc4 Nxe3 24. Nxe3 Bxg2 25. Kxg2 Nd5 26. Qc4 Qd7 27. Nxd5 exd5 28. Qa6 Rfc8 (28... Rfd8 $16 29. Rc6 Bf8) 29. Rxc8+ $18 Rxc8 30. Qxa7 (30. Bxa7 $2 Ra8 $19) 30... Qe6 (30... Qxa7 {was called for.} 31. Bxa7 Kf7 32. Rxd5 Ke6) 31. Rd2 Rc3 $2 (31... h5 {was necessary.} 32. h4 Kh8) 32. Rb2 h5 (32... Kf7 $142 33. a5 (33. Bxc3 bxc3 34. Ra2 Qe4+ 35. f3 Qb1 $11) 33... g5) 33. f3 Rc1 34. h4 Bd6 35. Qa6 Kf7 36. Qd3 Be5 37. Rd2 $2 ({White should try} 37. Ra2 $18) 37... Rh1 $1 $11 38. g4 (38. Bxe5 $5 Qh3+ $8 39. Kf2 Qf1+ 40. Ke3 Qg1+ 41. Kf4 Rxh4+ 42. gxh4 Qh2+ 43. Ke3 Qg1+ 44. Kf4 Qh2+ 45. Ke3 Qg1+ 46. Kf4 $11) 38... Rh2+ 39. Kg1 hxg4 40. Bxe5 Qxe5 41. Qxd5+ Qxd5 42. Rxd5 Rxe2 43. Rd4 gxf3 44. Rxb4 g5 45. a5 gxh4 46. Rxh4 Rb2 47. a6 Ke6 $1 48. Rb4 (48. a7 $5 Rg2+ $8 49. Kf1 $14) 48... Ra2 49. Ra4 Rg2+ $1 50. Kf1 Rg8 51. Rb4 (51. a7 $5 Ra8 $8 52. Kf2 $16) 51... Kd5 52. Rb6 Kc5 $2 {[%emt 0:00:38][%mdl 8192] [#]} (52... Rg2 $11) 53. Rb7 $1 $18 (53. Rxf6 Ra8 $11) 53... Kd4 54. a7 Ra8 {[%emt 0:00:18] [#]} 55. b4 $1 ({Inferior is} 55. Kf2 Kc5 $11) 55... Ke3 56. b5 Rh8 57. Re7+ Kf4 58. b6 Rh1+ 59. Kf2 Rh2+ 60. Kg1 f2+ 61. Kxh2 f1=Q 62. a8=Q ({Not} 62. a8=B Qf2+ 63. Bg2 Qxb6 $17) 62... f5 63. Qb8+ Kf3 64. Qg3# 1-0

[Event "RUDAR VI-GM 2024"]
[Site "Pozarevac"]
[Date "2024.02.12"]
[Round "3.2"]
[White "Grover, Sahaj"]
[Black "Apaar Saxena"]
[Result "1-0"]
[ECO "A13"]
[WhiteElo "2503"]
[BlackElo "2150"]
[Annotator "RC"]
[PlyCount "69"]
[EventDate "2024.02.12"]
[EventType "tourn"]
[EventCountry "SRB"]
[SourceTitle "playchess.com"]
[Source "ChessBase"]
[SourceQuality "1"]
[TimeControl "5400+30"]

1. Nf3 d5 2. e3 Nf6 3. c4 e6 4. b3 Be7 5. Bb2 O-O 6. Nc3 c5 7. cxd5 Nxd5 8. Qc2 Nc6 9. a3 Nxc3 10. dxc3 Bf6 11. h4 e5 12. Bd3 h6 13. O-O-O Qe7 14. Bh7+ Kh8 15. Bf5 c4 16. b4 Bxf5 17. Qxf5 Rad8 18. g4 e4 19. Nd2 Bxh4 20. Nxc4 Rxd1+ 21. Rxd1 Bg5 22. Nd6 Ne5 23. Nxe4 Nxg4 24. Rd7 h5 25. Rd5 h4 26. Nf6 gxf6 27. c4 Rc8 28. c5 Rc6 29. Kd2 Re6 30. Kd3 b6 31. Be5 fxe5 32. c6 Kg7 33. e4 b5 34. c7 a6 35. Rxe5 1-0